 Dungeon Crawl Stone Soup version 0.28.0-43-g3370ac3207 (webtiles) character file.

Game seed: 3997992585514868272

184 Acheron the Sneak (level 5, -7/46 HPs)
             Began as a Minotaur Delver on Mar 10, 2022.
             Mangled by Prince Ribbit (12 damage)
             ... on level 5 of the Dungeon.
             The game lasted 00:14:52 (4167 turns).

Acheron the Sneak (Minotaur Delver)                 Turns: 4167, Time: 00:14:53

Health: -7/46      AC:  8    Str: 17    XL:     5   Next: 36%
Magic:  4/4        EV:  7    Int:  7    God:
Gold:   135        SH:  0    Dex: 13    Spells: 4/4 levels left

rFire   . . .      SeeInvis +   l - +1 falchion (vorpal)
rCold   . . .      Faith    .   (no shield)
rNeg    . . .      Spirit   .   j - +0 chain mail
rPois   .          Reflect  .   (helmet restricted)
rElec   .          Harm     .   (no cloak)
rCorr   .          Rampage  .   (no gloves)
Will    +....                   (no boots)
Stlth   ..........              (no amulet)
HPRegen 0.15/turn               x - ring of willpower
MPRegen 0.09/turn               m - ring of see invisible

@: no status effects
A: horns 2, retaliatory headbutt
a: no special abilities


You were on level 5 of the Dungeon.
You visited 1 branch of the dungeon, and saw 6 of its levels.

You collected 135 gold pieces.

Inventory:

Hand Weapons
 a - a +1 falchion
 l - a +1 vorpal falchion (weapon)
 n - a +0 whip of draining
 r - a +1 short sword of venom
 y - a +0 war axe
Missiles
 w - 3 poisoned darts (quivered)
Armour
 b - a +0 leather armour
 j - a +0 chain mail (worn)
Magical Staves
 z - a staff of death
Jewellery
 m - a ring of see invisible (right hand)
 p - a +6 ring of intelligence
 x - a ring of willpower (left hand)
Wands
 g - a wand of digging (3)
Scrolls
 c - a scroll of fog
 d - a scroll of magic mapping
 e - a scroll of fear
 q - 2 scrolls of vulnerability
 s - a scroll of amnesia
 v - a scroll of teleportation
Potions
 f - 2 potions of haste
 h - a potion of attraction {unknown}
 i - 2 potions of invisibility
 o - 2 potions of curing
 t - a potion of magic
 u - 2 potions of mutation


   Skills:
 * Level 4.2 Fighting
 * Level 4.1 Long Blades
 * Level 2.5 Armour
 * Level 2.8 Dodging
 * Level 4.7 Stealth
 * Level 1.0 Evocations


You had 4 spell levels left.
You didn't know any spells.
Your spell library contained the following spells:

 Spells                   Type           Power      Damage    Failure   Level
 Gell's Gravitas          Tloc           0%         N/A       100%        3
 Portal Projectile        Hex/Tloc       0%         N/A       100%        3
 Teleport Other           Tloc           0%         N/A       100%        3
 Blade Hands              Tmut           0%         N/A       100%        5
 Excruciating Wounds      Necr           0%         N/A       100%        5
 Irradiate                Conj/Tmut      0%         3d14      100%        5
 Dispersal                Tloc           0%         N/A       100%        6
 Dragon Form              Tmut           0%         N/A       100%        7
 Chain Lightning          Conj/Air       0%         N/A       100%        9
 Fire Storm               Conj/Fire      0%         5d1       100%        9
 Shatter                  Erth           0%         3d5*      100%        9


Dungeon Overview and Level Annotations

Branches:
Dungeon (6/15)
 Temple: D:4-7

Altars:

Annotations:
D:2 exclusion: downstairs
D:3 exclusion: upstairs, Terence
D:5 Prince Ribbit


Innate Abilities, Weirdness & Mutations

You have a pair of horns on your head.
You reflexively headbutt those who attack you in melee.


Message History

The black bear growls angrily.
You climb upwards.
Level annotation: Prince Ribbit The phantom hits you.
Prince Ribbit blinks!
The phantom hits you.
Prince Ribbit sighs, "It's not easy being green!"
There is a stone staircase leading down here.
The water moccasin zombie closely misses you.
There is a stone staircase leading up here.
The water moccasin zombie bites you. The phantom hits you.
The phantom blinks!
You blink.
You stop ascending the stairs.
An iguana comes into view.
Prince Ribbit blinks!
As you read the scroll of enchant weapon, it crumbles to dust.
Your +0 vorpal falchion glows red for a moment.
The phantom hits you.
The phantom blinks!
You blink.
Prince Ribbit blinks!
The phantom hits you.
There is a stone staircase leading down here.
The phantom barely misses you. You furiously retaliate!
You headbutt the phantom.
The water moccasin zombie barely misses you.
You furiously retaliate!
You headbutt the water moccasin zombie!
You climb downwards.
The black bear bites you.
The black bear claws you but does no damage.
The black bear closely misses you.
There is a stone staircase leading up here.
The black bear bites you but does no damage.
The black bear claws you. x2
You climb upwards.
Level annotation: Prince Ribbit Prince Ribbit barely misses you.
The water moccasin zombie barely misses you.
Prince Ribbit barely misses you.
There is a stone staircase leading down here.
Prince Ribbit croaks regally.
Prince Ribbit closely misses you. Prince Ribbit hits you!
* * * LOW HITPOINT WARNING * * *
Prince Ribbit hits you!
You die...

.# ##..................... ## ..
#......................
.##.....#..###....>..............
.#.........###...................
.........#.....<.................
.........##......................
...............Zh...............
##.........#...F..###.#.........
#...........#.@..# ##.........
#...........##..## #........
#...l.#......#..# ##.##...# ..##.
#.........# #..##...# .##..
##.......## ##.....##
.....###......<# #...#...#
......#........########..###...
#.....##.............#....#...#
.............................#


You could see Prince Ribbit, a black bear and a water moccasin zombie.

Vanquished Creatures
  A hound (D:5)
  A bullfrog skeleton (D:5)
  A hound skeleton (D:4)
  Robin (D:2)
  2 adders
  A worm (D:4)
  2 dart slugs
  6 ball pythons
  7 endoplasms
  2 giant cockroaches
  13 goblins
  9 hobgoblins
  7 jackals
  6 kobolds
  6 quokkas
  A bat (D:1)
  A frilled lizard (D:2)
  A rat (D:1)
68 creatures vanquished.

Notes
Turn   | Place    | Note
-------+----------+-------------------------------------------
     0 | D:5      | Acheron the Minotaur Delver began the quest for the Orb.
     0 | D:5      | Reached XP level 1. HP: 19/19 MP: 0/0
   170 | D:4      | Noticed an ogre
   449 | D:2      | Noticed Robin
   638 | D:3      | Reached XP level 2. HP: 21/27 MP: 1/1
   810 | D:3      | Noticed Terence
  1317 | D:2      | Killed Robin
  1318 | D:2      | Reached XP level 3. HP: 28/33 MP: 2/2
  1548 | D:2      | Found a faded altar of an unknown god.
  1863 | D:1      | Reached skill level 1 in Armour
  2224 | D:1      | Reached XP level 4. HP: 33/38 MP: 3/3
  3724 | D:5      | Reached XP level 5. HP: 40/46 MP: 4/4
  3793 | D:4      | You fall into a shaft and drop 1 floor!
  3811 | D:5      | Reached skill level 1 in Evocations
  3830 | D:5      | Noticed a phantom
  4076 | D:5      | Noticed Prince Ribbit
  4145 | D:6      | Noticed a black bear
  4167 | D:5      | Mangled by Prince Ribbit

Illustrated notes

Levels and vault maps discovered:
D:1:      ncdulo_lavacross, layout_basic
D:2:      layout_basic, nicolae_ecumenical_lake_church, uniq_robin
D:3:      layout_loops_corners, kennysheep_generic_room_10, uniq_terence
D:4:      layout_basic
D:5:      layout_cave_pools, uniq_prince_ribbit1
D:6:      layout_basic

Skill      XL: |  1  2  3  4  5 |
---------------+----------------+-----
Long Blades    | 3 4 |  4.1
Armour         | 1 2 |  2.5
Fighting       | 4 |  4.2
Evocations     | 1 |  1.0
Dodging        | |  2.8
Stealth        | |  4.7

Action                   |  1- 3 |  4- 6 || total
-------------------------+-------+-------++-------
Melee: Falchion          |    92 |    64 ||   156
       Headbutt          |    14 |     8 ||    22
  Use: Scroll            |     1 |     9 ||    10
       Potion            |     1 |       ||     1
 Stab: Sleeping          |     1 |       ||     1
Armor: Chain mail        |    54 |    41 ||    95
       Leather armour    |     1 |       ||     1
Dodge: Dodged            |    42 |    29 ||    71
